 Dungeon Crawl Stone Soup version 0.30-a0-354-g6b83867211 (webtiles) character file.

Game seed: 15388084903843255333

29456 blackman the Blocker (level 13, -6/135 HPs)
             Began as a Human Delver on Nov 7, 2022.
             Was a High Priest of Jiyva.
             Killed from afar by a deep elf zephyrmancer (27 damage)
             ... with a bolt of lightning
             ... on level 1 of the Elven Halls.
             The game lasted 00:41:29 (12161 turns).

blackman the Blocker (Human Delver)                Turns: 12161, Time: 00:41:30

Health: -6/135     AC:  7    Str: 23      XL:     13   Next: 81%
Magic:  0/22       EV: 13    Int:  8 (9)  God:    Jiyva [*****.]
Gold:   719        SH: 15    Dex: 16      Spells: 12/12 levels left

rFire   + . .      SeeInvis .    G - +1 demon whip (venom)
rCold   . . .      Faith    .    B - +2 kite shield {AC+3}
rNeg    . . .      Spirit   +    a - +0 steam dragon scales
rPois   .          Reflect  .    P - +0 helmet of Cafaq {Will+ Str+7 Int-2}
rElec   .          Harm     .    (no cloak)
rCorr   +          Rampage  .    D - +0 pair of gloves
Will    +....                    (no boots)
Stlth   ++++......               E - amulet of Sipleseg {Spirit rF+ MP+9}
HPRegen 1.86/turn                (no ring)
MPRegen 0.63/turn                (no ring)

@: no status effects
A: mutation resistance 2, passive freeze, robust 3, acidic bite, pseudopods 2,
translucent skin 2
a: Renounce Religion, Oozemancy, Slimify


You were on level 1 of the Elven Halls.
You worshipped Jiyva.
Jiyva was extremely pleased with you.
You visited 3 branches of the dungeon, and saw 14 of its levels.
You also visited: Sewer, Bailey and Ice Cave.

You collected 1050 gold pieces.
You spent 331 gold pieces at shops.

Inventory:

Hand Weapons
 m - a +0 scimitar
 o - a +1 morningstar of freezing
 x - a +1 mace of distortion
 y - a +1 trident of venom
 z - a +0 broad axe
 G - a +1 demon whip of venom (weapon)
 M - a +0 demon trident of freezing
Missiles
 l - 36 poisoned darts (quivered)
 t - 4 curare-tipped darts
 H - a throwing net
Armour
 a - +0 steam dragon scales (worn)
 b - a +1 leather armour
 q - a +0 scale mail
 A - a +0 chain mail
 B - a +2 kite shield of protection (worn)
 C - a +0 plate armour
 D - a +0 pair of gloves (worn)
 L - a +0 tower shield of cold resistance
 N - a +0 pair of boots
 P - the +0 helmet of Cafaq (worn) {Will+ Str+7 Int-2}
   (You bought it in a shop on level 2 of the Orcish Mines)

   Str:       It affects your strength (+7).
   Int:       It affects your intelligence (-2).
   Will:      It increases your willpower.
Jewellery
 E - the amulet of Sipleseg (around neck) {Spirit rF+ MP+9}
   (You found it on level 9 of the Dungeon)

   [amulet of guardian spirit]

   It causes incoming damage to be divided between your reserves of health and
   magic.
   rF:        It protects you from fire.
   MP:        It affects your magic capacity (+9).
Wands
 g - a wand of digging (6)
 J - a wand of mindburst (5)
 K - a wand of paralysis (8)
Scrolls
 c - a scroll of fog
 d - 2 scrolls of magic mapping
 p - 2 scrolls of enchant armour
 r - 3 scrolls of teleportation
 s - 2 scrolls of immolation
 F - a scroll of noise
Potions
 e - 2 potions of might
 h - a potion of flight
 i - a potion of resistance
 j - a potion of mutation
 k - a potion of brilliance {unknown}
 u - a potion of degeneration {unknown}
 v - a potion of invisibility
 w - 5 potions of heal wounds {unknown}
 I - a potion of berserk rage
Miscellaneous
 n - a phial of floods (inert)
 O - a tin of tremorstones (inert)


   Skills:
 - Level 10.5 Fighting
 - Level 2.0 Long Blades
 - Level 12.0 Maces & Flails
 - Level 4.6 Dodging
 - Level 5.0 Stealth
 * Level 14.8 Shields
 - Level 5.2 Evocations


You had 12 spell levels left.
You didn't know any spells.
Your spell library contained the following spells:

 Spells                   Type           Power      Damage    Failure   Level
 Apportation              Tloc           0%         N/A       61%         1
 Kiss of Death            Conj/Necr      0%         2d5       61%         1
 Magic Dart               Conj           0%         1d3       61%         1
 Necrotise                Necr           0%         1d4       61%         1
 Summon Small Mammal      Summ           0%         N/A       61%         1
 Searing Ray              Conj           0%         2d4       75%         2
 Call Canine Familiar     Summ           0%         N/A       93%         3
 Confusing Touch          Hex            0%         N/A       93%         3
 Summon Guardian Golem    Hex/Summ       0%         N/A       93%         3
 Dispel Undead            Necr           0%         3d6       100%        4
 Fulminant Prism          Conj/Hex       0%         3d5       100%        4


Dungeon Overview and Level Annotations

Branches:
Dungeon (11/15)            Temple (0/1) D:5            Lair (0/5) D:10
    Orc (2/2) D:9             Elf (1/3) Orc:2         Sewer (visited)
 Bailey (visited)           IceCv (visited)

Altars:
Cheibriados
Dithmenos
Fedhas
Gozag
Nemelex Xobeh
Qazlal
Trog
Uskayaw
Vehumet
The Shining One

Shops:
D:1 !?(!   D:5 =   D:9 [(   Orc:1 [   Orc:2 [=[??


Innate Abilities, Weirdness & Mutations

You are somewhat resistant to both further mutation and mutation removal.
A frigid envelope surrounds you and freezes all who hurt you.
You are extremely robust. (+30% HP)
You have acidic saliva.
Armour fits poorly on your large pseudopods.
Your translucent skin reduces your foes' accuracy. (Stealth+)


Message History

The bolt of lightning misses you.
The bolt of lightning hits the +1 mace of protection.
The +1 mace of protection completely resists.
The deep elf zephyrmancer shouts!
You hear a shout!
You catch the helpless +1 mace of protection completely off-guard!
You whack the +1 mace of protection! You bludgeon the +1 mace of protection.
The +1 mace of protection is heavily damaged.
You closely miss the +5 long sword of holy wrath.
You bludgeon the +5 long sword of holy wrath, but do no damage.
The +1 mace of protection closely misses you.
The +5 long sword of holy wrath hits you!
* * * LOW HITPOINT WARNING * * *
The +5 long sword of holy wrath resists.
The +5 long sword of holy wrath is very cold.
The +5 long sword of holy wrath is lightly damaged.
It was a potion of resistance.
You feel protected.
The fire elemental disappears in a puff of smoke!
You block the +1 mace of protection's attack.
The +5 long sword of holy wrath hits you!
* * * LOW HITPOINT WARNING * * *
The +5 long sword of holy wrath resists.
The +5 long sword of holy wrath is very cold.
The +5 long sword of holy wrath is lightly damaged.
The deep elf pyromancer barely misses you.
It was a potion of cancellation.
Your magical effects are unravelling.
You feel magically purged.
You flicker back into view.
Your resistance to elements expires.
You block the +1 mace of protection's attack.
You block the +5 long sword of holy wrath's attack.
The +1 mace of protection hits you.
* * * LOW HITPOINT WARNING * * *
The +1 mace of protection resists.
The +1 mace of protection is very cold.
The +1 mace of protection is heavily damaged.
The deep elf pyromancer mumbles some strange words.
The deep elf pyromancer blinks!
The deep elf zephyrmancer points at you and mumbles some strange words.
The bolt of lightning hits you!!
You die...

. #..... ....#
..○###...###...#
..°°#.ee..#....##
..☼......§......#
e.°Ee..<..°.)...+
.☼°......)e°....#
....#..e..#.(..##
... ##..§###e./#
. .#....@#.°..#
.......((e..##
.........?.##
#.........##
####...#### ##+#


You could see a deep elf pyromancer, 4 deep elf zephyrmancers, a fire elemental
(summoned) and 2 dancing weapons.

Vanquished Creatures
  A frost giant (IceCv)
  A vault guard (Bailey)
  5 death yaks (IceCv)
  4 orc high priests (Orc:2)
  Amaemon (D:11)
  An orc knight (Orc:2)
  A deep elf zephyrmancer (Elf:1)
  A deep elf pyromancer (Elf:1)
  2 orc sorcerers
  An ice statue (IceCv)
  An orange demon (D:11)
  3 kobold demonologists (D:11)
  A gargoyle (D:6)
  2 rime drakes (IceCv)
  An unseen horror (D:10)
  8 polar bears (IceCv)
  A troll (D:10)
  Prince Ribbit (Bailey)
  A vampire (D:10)
  2 wraiths
  29 yaks
  A wyvern (D:8)
  2 humans (Bailey)
  A steam dragon (D:9)
  2 water moccasins
  5 wargs
  An acid dragon (D:9)
  20 orc warriors
  4 black bears (D:6)
  7 ogres
  8 centaurs
  22 wolves (IceCv)
  2 phantoms
  7 kobold brigands
  4 bullfrogs
  2 necrophages
  5 gnoll sergeants
  A scorpion (D:7)
  8 wights
  5 killer bees (D:6)
  4 howler monkeys
  An iron imp (D:9)
  A gnoll bouda (D:2)
  7 hounds
  A jelly (Sewer)
  29 orc priests
  3 iguanas
  25 orc wizards
  29 gnolls
  6 adders
  3 river rats
  A white imp (D:5)
  3 worms
  A dart slug (D:2)
  62 orcs
  4 bats
  7 endoplasms (Sewer)
  6 giant cockroaches
  6 goblins
  6 hobgoblins
  3 jackals (D:5)
  2 quokkas (D:5)
  A ball python (D:2)
  A frilled lizard (D:2)
  16 kobolds
  3 rats
406 creatures vanquished.

Vanquished Creatures (collateral kills)
  2 humans (Bailey)
  Menkaure (D:7)
  An orc warrior (Bailey)
4 creatures vanquished.

Vanquished Creatures (others)
  A wraith (D:10)
  2 centaurs (D:6)
  A phantom (D:6)
  2 bullfrogs
  A wight (D:10)
  2 howler monkeys (D:10)
  29 jellies
  An orc priest (Orc:2)
  3 orc wizards
  3 gnolls
  2 adders
  A river rat (Sewer)
  A dart slug (D:4)
  7 orcs
  A bat (D:2)
  3 endoplasms
  A giant cockroach (D:4)
  A goblin (D:3)
  3 hobgoblins
  4 jackals
  A kobold (D:4)
  6 ball pythons
  A frilled lizard (D:1)
  3 rats
  11 plants
91 creatures vanquished.

Grand Total: 501 creatures vanquished

Notes
Turn   | Place    | Note
-------+----------+-------------------------------------------
     0 | D:5      | blackman the Human Delver began the quest for the Orb.
     0 | D:5      | Reached XP level 1. HP: 18/18 MP: 1/1
     8 | D:5      | Noticed a centaur
    21 | D:5      | Killed a centaur
    22 | D:5      | Reached XP level 2. HP: 23/24 MP: 2/2
    22 | D:5      | Reached XP level 3. HP: 27/29 MP: 3/3
    22 | D:5      | Reached XP level 4. HP: 33/35 MP: 4/4
   157 | D:5      | Noticed a phantom
   169 | D:5      | Killed a phantom
   170 | D:5      | Reached XP level 5. HP: 41/41 MP: 5/5
   177 | D:5      | Found Waim's Jewellery Shop.
   191 | D:5      | Reached skill level 5 in Evocations
   206 | D:5      | Found a glowing drain.
   210 | Sewer    | Entered a sewer
   592 | Sewer    | Gained mutation: You are clumsy. (Dex -2) [potion of
                  | mutation]
   592 | Sewer    | Gained mutation: You are frail. (-10% HP) [potion of
                  | mutation]
   592 | Sewer    | Gained mutation: You possess an exceptional clarity of
                  | mind. [potion of mutation]
   592 | Sewer    | Gained mutation: Your muscles are strong. (Str +4, Int/Dex
                  | -1) [potion of mutation]
   604 | Sewer    | Reached XP level 6. HP: 16/42 MP: 6/6
   933 | Sewer    | Reached skill level 1 in Maces & Flails
  1480 | Sewer    | Found a viscous altar of Jiyva.
  1844 | Sewer    | Became a worshipper of Jiyva Joadue the Shapeless
  2118 | D:5      | Found a staircase to the Ecumenical Temple.
  2569 | D:4      | Noticed an ogre
  2580 | D:4      | Killed an ogre
  2581 | D:4      | Reached XP level 7. HP: 46/46 MP: 7/7
  2599 | D:4      | Reached * piety under Jiyva
  2837 | D:4      | Reached skill level 5 in Maces & Flails
  3014 | D:4      | Reached ** piety under Jiyva
  3626 | D:3      | Identified the +1 dagger "Lifebane" {flame, +Blink rPois
                  | rC- Str+3}
  3629 | D:3      | Identified the +7 hand axe of Usmos {flame, rPois}
  3950 | D:2      | Lost mutation: Your muscles are strong. (Str +4, Int/Dex
                  | -1) [potion of mutation]
  3950 | D:2      | Lost mutation: You are frail. (-10% HP) [potion of
                  | mutation]
  3950 | D:2      | Gained mutation: Your body sometimes deteriorates upon
                  | taking damage. [potion of mutation]
  3950 | D:2      | Gained mutation: You are weak. (Str -2) [potion of
                  | mutation]
  3950 | D:2      | Gained mutation: You are strong-willed. (Will+) [potion of
                  | mutation]
  3971 | D:2      | Reached *** piety under Jiyva
  4005 | D:2      | Gained mutation: You have acidic saliva. [Jiyva's grace]
  4005 | D:2      | Gained mutation: You have sharp toenails. [Jiyva's grace]
  4005 | D:2      | Gained mutation: You have razor-sharp toenails. [Jiyva's
                  | grace]
  4005 | D:2      | Gained mutation: You have claws for feet. [Jiyva's grace]
  4128 | D:2      | Reached XP level 8. HP: 13/58 MP: 8/8
  4193 | D:2      | Found a sparkling altar of Nemelex Xobeh.
  4478 | D:1      | Found Zupiq's Magic Scroll Shop.
  4557 | D:1      | Found Kuogatouho's Antique Weapon Boutique.
  4596 | D:1      | Found Puigruepsi's Distillery.
  4665 | D:1      | Reached **** piety under Jiyva
  4714 | D:1      | Noticed an eye of devastation
  4716 | D:1      | Found a faded altar of an unknown god.
  4718 | D:1      | Noticed an eye of devastation
  4718 | D:1      | Noticed an eye of devastation
  4804 | D:1      | Found Halo's Distillery.
  4970 | D:6      | Noticed a gargoyle
  4983 | D:6      | Killed a gargoyle
  5003 | D:6      | Reached XP level 9. HP: 7/63 MP: 9/9
  5178 | D:6      | Reached ***** piety under Jiyva
  5301 | D:6      | Reached skill level 5 in Fighting
  5322 | D:6      | Found a blossoming altar of Fedhas.
  5972 | D:6      | Found a stormy altar of Qazlal.
  6018 | D:7      | Noticed Menkaure
  6022 | D:7      | Killed Menkaure
  6032 | D:7      | Lost mutation: You have claws for feet. [Jiyva's grace]
  6032 | D:7      | Lost mutation: You possess an exceptional clarity of mind.
                  | [Jiyva's grace]
  6032 | D:7      | Lost mutation: Your body sometimes deteriorates upon taking
                  | damage. [Jiyva's grace]
  6032 | D:7      | Lost mutation: You are weak. (Str -2) [Jiyva's grace]
  6032 | D:7      | Gained mutation: Your melee attacks may engulf your foes in
                  | ooze. [Jiyva's grace]
  6032 | D:7      | Gained mutation: Armour fits poorly on your pseudopods.
                  | [Jiyva's grace]
  6032 | D:7      | Gained mutation: Armour fits poorly on your large
                  | pseudopods. [Jiyva's grace]
  6032 | D:7      | Gained mutation: Armour fits poorly on your massive
                  | pseudopods. [Jiyva's grace]
  6098 | D:7      | Found a bloodstained altar of Trog.
  6098 | D:7      | Found a shadowy altar of Dithmenos.
  6130 | D:7      | Found a flagged portal.
  6153 | Bailey   | Entered a bailey
  6183 | Bailey   | Reached XP level 10. HP: 24/80 MP: 10/10
  6275 | Bailey   | Noticed Prince Ribbit
  6275 | Bailey   | Noticed a vault guard
  6292 | Bailey   | Killed Prince Ribbit
  6294 | Bailey   | Killed a vault guard
  6295 | Bailey   | Reached skill level 10 in Fighting
  6350 | Bailey   | Noticed a vault guard
  6683 | D:7      | Found a hide-covered altar of Uskayaw.
  6685 | D:7      | Found a radiant altar of Vehumet.
  6687 | D:7      | Found a glowing golden altar of the Shining One.
  6843 | D:7      | Reached ****** piety under Jiyva
  6862 | D:7      | Noticed Maggie
  6872 | D:7      | Slimified Maggie
  6872 | D:7      | Maggie changed into Maggie the endoplasm
  6872 | D:7      | Noticed Maggie
  7617 | D:9      | Lost mutation: You have razor-sharp toenails. [Jiyva's
                  | grace]
  7617 | D:9      | Lost mutation: You have sharp toenails. [Jiyva's grace]
  7617 | D:9      | Lost mutation: You are strong-willed. (Will+) [Jiyva's
                  | grace]
  7617 | D:9      | Lost mutation: Armour fits poorly on your massive
                  | pseudopods. [Jiyva's grace]
  7617 | D:9      | Lost mutation: Your melee attacks may engulf your foes in
                  | ooze. [Jiyva's grace]
  7617 | D:9      | Gained mutation: You are somewhat resistant to further
                  | mutation. [Jiyva's grace]
  7617 | D:9      | Gained mutation: You are somewhat resistant to both further
                  | mutation and mutation removal. [Jiyva's grace]
  7617 | D:9      | Gained mutation: You are almost entirely resistant to
                  | further mutation and mutation removal. [Jiyva's grace]
  7617 | D:9      | Gained mutation: A frigid envelope surrounds you and
                  | freezes all who hurt you. [Jiyva's grace]
  7623 | D:9      | Reached skill level 1 in Shields
  7630 | D:9      | Found Baenwuc's Armour Boutique.
  7668 | D:9      | Reached skill level 2 in Shields
  7668 | D:9      | Reached XP level 11. HP: 61/90 MP: 11/11
  7711 | D:9      | Reached skill level 3 in Shields
  7823 | D:9      | Reached skill level 4 in Shields
  7857 | D:9      | Found Moqait's Weapon Shoppe.
  7860 | D:9      | Found a staircase to the Orcish Mines.
  7869 | D:9      | Reached skill level 5 in Shields
  8048 | D:9      | Identified the amulet of Sipleseg {Spirit rF+ MP+9}
  8102 | D:9      | Reached skill level 6 in Shields
  8225 | D:9      | Found a snail-covered altar of Cheibriados.
  8412 | D:9      | Reached skill level 7 in Shields
  8582 | D:10     | Entered Level 10 of the Dungeon
  8697 | D:10     | Found a staircase to the Lair.
  8751 | D:10     | Found an opulent altar of Gozag.
  8848 | D:10     | Gained mutation: You expend magic power (3 MP) to
                  | strengthen your wands. [Jiyva's grace]
  8848 | D:10     | Gained mutation: Your translucent skin slightly reduces
                  | your foes' accuracy. (Stealth+) [Jiyva's grace]
  8848 | D:10     | Gained mutation: Your translucent skin reduces your foes'
                  | accuracy. (Stealth+) [Jiyva's grace]
  8848 | D:10     | Gained mutation: Your transparent skin significantly
                  | reduces your foes' accuracy. (Stealth+) [Jiyva's grace]
  8885 | D:10     | Found a sparkling altar of Nemelex Xobeh.
  8968 | D:10     | Reached skill level 10 in Maces & Flails
  9113 | D:10     | Reached skill level 8 in Shields
  9461 | D:11     | Noticed a sixfirhy
  9484 | D:11     | Reached XP level 12. HP: 55/98 MP: 12/12
  9576 | D:11     | Noticed Amaemon
  9592 | D:11     | Killed Amaemon
  9701 | D:11     | Reached skill level 9 in Shields
 10158 | Orc:1    | Entered Level 1 of the Orcish Mines
 10263 | Orc:1    | Found Coagedd's Antique Armour Boutique.
 10330 | Orc:1    | Found a frozen archway.
 10357 | IceCv    | Entered an ice cave
 10496 | IceCv    | Reached skill level 10 in Shields
 10685 | IceCv    | Reached skill level 11 in Shields
 10854 | IceCv    | Noticed a death yak
 10854 | IceCv    | Noticed a death yak
 10855 | IceCv    | Noticed a death yak
 10872 | IceCv    | Killed a death yak
 10881 | IceCv    | Killed a death yak
 10886 | IceCv    | Killed a death yak
 10887 | IceCv    | Reached XP level 13. HP: 50/104 MP: 13/13
 10977 | IceCv    | Reached skill level 12 in Shields
 11103 | IceCv    | Noticed a frost giant
 11152 | IceCv    | Killed a frost giant
 11153 | IceCv    | Reached skill level 13 in Shields
 11368 | Orc:2    | Entered Level 2 of the Orcish Mines
 11381 | Orc:2    | Lost mutation: You are almost entirely resistant to further
                  | mutation and mutation removal. [Jiyva's grace]
 11381 | Orc:2    | Lost mutation: Your transparent skin significantly reduces
                  | your foes' accuracy. (Stealth+) [Jiyva's grace]
 11381 | Orc:2    | Lost mutation: You expend magic power (3 MP) to strengthen
                  | your wands. [Jiyva's grace]
 11381 | Orc:2    | Gained mutation: You are robust. (+10% HP) [Jiyva's grace]
 11381 | Orc:2    | Gained mutation: You are very robust. (+20% HP) [Jiyva's
                  | grace]
 11381 | Orc:2    | Gained mutation: You are extremely robust. (+30% HP)
                  | [Jiyva's grace]
 11381 | Orc:2    | Lost mutation: You are clumsy. (Dex -2) [Jiyva's grace]
 11418 | Orc:2    | Found a staircase to the Elven Halls.
 11443 | Orc:2    | Found Dorhemax's Armour Shop.
 11592 | Orc:2    | Reached skill level 14 in Shields
 11711 | Orc:2    | Found Itrorad's Jewellery Shoppe.
 11711 | Orc:2    | Found Tifudoor's Magic Scroll Emporium.
 11715 | Orc:2    | Found Teunosu's Armour Shoppe.
 11715 | Orc:2    | Found Uladid's Magic Scroll Emporium.
 11995 | Orc:2    | Bought the +0 helmet of Cafaq {Will+ Str+7 Int-2} for 331
                  | gold pieces
 12130 | Elf:1    | Entered Level 1 of the Elven Halls
 12161 | Elf:1    | Killed from afar by a deep elf zephyrmancer

Illustrated notes

Levels and vault maps discovered:
D:1:      psy_arrival_fountain, layout_rooms, serial_shops, nicolae_shop_stone,
          shop, shop, shop, hellmonk_ecumenical_altar_watching_god
D:2:      layout_rooms, basic_altar
D:3:      layout_basic
D:4:      wad_river_or_something, layout_basic
D:5:      layout_gridville, minmay_temple_entry_glass, serial_shops,
          nicolae_shop_crystal, gup_sewer_entry_bowl
D:6:      hangedman_cross_stitches, layout_loops_corners,
          nicolae_qazlal_eye_of_the_storm, fedhas_bush_and_centaur_altar
D:7:      layout_gridville, chequers_temple_overflow_minitemple, enter_bailey_2,
          uniq_maggie, uniq_menkaure
D:8:      layout_basic, serial_corexii_hall, chequers_hall_statues_y,
          chequers_hall_statues_corner_a, chequers_serial_rivers_micro_d
D:9:      layout_stronghold, slow_altar_1, orc_david_3,
          hangedman_decor_clover_reticule, st_stairs_14,
          kennysheep_windowed_goal
D:10:     layout_stronghold, mainiacjoe_overflow_alcove_4,
          nicolae_gozag_seed_capital, erik_lair_orcish_takeover,
          chequers_serial_rivers_small_a
D:11:     layout_roguey, uniq_amaemon
Orc:1:    layout_caves, serial_shops, nicolae_shop_overgrown_old_shop,
          portal_ice_cave_entry_pillars_2, david_defended_altar_orc
Orc:2:    st_orc_mages, layout_diamond_mine, basic_altar, serial_shops,
          nicolae_shop_hallway_plus, mines2_lemuel
Elf:1:    minmay_elf_arrival_circle, layout_loops_corners, basic_altar,
          orc_legates

Skill      XL: |  1  2  3  4  5  6  7  8  9 10 11 12 13 |
---------------+----------------------------------------+-----
Evocations     | 3 4 5 |  5.2
Maces & Flails | 4 6 8 9 10 12 | 12.0
Fighting       | 7 10 | 10.5
Dodging        | 4 |  4.6
Shields        | 2 8 11 14 | 14.8
Long Blades    | |  2.0
Stealth        | |  5.0

Action                   |  1- 3 |  4- 6 |  7- 9 | 10-12 | 13-15 || total
-------------------------+-------+-------+-------+-------+-------++-------
Melee: Falchion          |     7 |    11 |       |       |       ||    18
       Morningstar       |       |   103 |   264 |   306 |       ||   673
       Punch             |       |     3 |     3 |     3 |       ||     9
       Kick              |       |       |    33 |    22 |       ||    55
       Bite              |       |       |    24 |    75 |    48 ||   147
       Pseudopods        |       |       |     2 |   143 |    79 ||   224
       Demon whip        |       |       |       |   251 |   271 ||   522
Throw: Dart              |       |     2 |       |     2 |       ||     4
Invok: Oozemancy         |       |       |       |     7 |     4 ||    11
       Slimify           |       |       |       |     1 |       ||     1
Evoke: Wand              |     2 |     3 |    16 |     3 |       ||    24
       Tin of tremorston |       |       |       |       |     2 ||     2
       Phial of floods   |       |       |       |       |     1 ||     1
  Use: Potion            |       |     4 |     1 |     2 |     8 ||    15
       Scroll            |       |     1 |     1 |    13 |       ||    15
 Stab: Paralysed         |     6 |    11 |     3 |       |       ||    20
       Distracted        |     1 |     1 |       |     1 |       ||     3
       Sleeping          |       |     5 |     4 |    11 |       ||    20
       Invisible         |       |     1 |       |       |     1 ||     2
Armor: Leather armour    |     2 |    15 |    77 |     6 |       ||   100
       Steam dragon scal |       |       |       |    72 |    36 ||   108
Dodge: Dodged            |     6 |    67 |   240 |   342 |   104 ||   759
Block: Kite shield       |       |       |       |   263 |   177 ||   440

Table legend: (Time is in decaauts)
 A = Elapsed time spent in this place.
 B = Non-inter-level travel time spent in this place.
 C = Inter-level travel time spent in this place.
 D = Time resting spent in this place.
 E = Time spent auto-exploring this place.
 F = Levels seen in this place.
 G = Mean time per level.
                   A        B        C        D        E       F      G
               +--------+--------+--------+--------+--------+-----+--------+
         Total |  12119 |  11731 |    388 |   1589 |   7049 |  17 |  712.9 |
       Dungeon |   8345 |   8020 |    325 |    259 |   5919 |  11 |  758.6 |
  Orcish Mines |   1043 |    980 |     63 |      4 |    519 |   2 |  521.5 |
   Elven Halls |     23 |     23 |      0 |      0 |      0 |   1 |   23.0 |
         Sewer |   1760 |   1760 |      0 |   1326 |    165 |   1 | 1760.0 |
        Bailey |    195 |    195 |      0 |      0 |     16 |   1 |  195.0 |
      Ice Cave |    751 |    751 |      0 |      0 |    430 |   1 |  751.0 |
               +--------+--------+--------+--------+--------+-----+--------+

Top non-repeatable levels by time:
   Sewer: 1760 daAuts
     D:6: 1081 daAuts
     D:9: 1005 daAuts
     D:4: 964 daAuts
     D:7: 962 daAuts
    D:10: 891 daAuts
     D:5: 874 daAuts
   IceCv: 751 daAuts
   Orc:2: 703 daAuts
    D:11: 656 daAuts
     D:2: 598 daAuts
     D:3: 484 daAuts
     D:8: 428 daAuts
     D:1: 398 daAuts
   Orc:1: 339 daAuts
